 Dungeon Crawl Stone Soup version 0.28-b1-25-g9875b3fc8c (webtiles) character file.

Game seed: 3979788887971446819

201570 sanka the Slayer (level 18, -4/184 HPs)
             Began as a Hill Orc Delver on Feb 6, 2022.
             Was the Champion of Okawaru.
             Slain by Aizul (50 damage)
             ... on level 3 of the Snake Pit.
             The game lasted 00:59:43 (31664 turns).

sanka the Slayer (Hill Orc Delver)                 Turns: 31664, Time: 00:59:43

Health: -4/184     AC: 46    Str: 33    XL:     18   Next: 99%
Magic:  25/25      EV:  2    Int: 10    God:    Okawaru [******]
Gold:   1872       SH:  0    Dex: 20    Spells: 17/17 levels left

rFire   + . .      SeeInvis .   a - +7 executioner's axe (vorpal)
rCold   . . .      Faith    .   (shield currently unavailable)
rNeg    . . .      Spirit   .   j - +15 Maxwell's patent armour {-Cast -Tele rElec Will+ rCorr}
rPois   .          Reflect  .   q - +0 helmet
rElec   +          Harm     .   Q - +1 cloak of Okawaru's Esteem {Fly Str+3 Int-2 Dex+2}
rCorr   +          Rampage  .   x - +0 pair of gloves of Vysij {Str+7 Int+2}
Will    ++...      NoTele   +   w - +0 pair of boots
Stlth   .......... NoCast   +   D - amulet of regeneration
HPRegen 1.20/turn               O - ring of Aklus {rElec rF+ Dex+6}
MPRegen 0.19/turn               R - +4 ring of protection

@: lethally poisoned (-4 -> -18), sleeping, flying
A: no striking features
a: Renounce Religion, Heroism, Finesse, Duel


You were on level 3 of the Snake Pit.
You worshipped Okawaru.
Okawaru was exalted by your worship.
You visited 5 branches of the dungeon, and saw 27 of its levels.
You also visited: Trove, Ice Cave and Volcano.

You collected 3932 gold pieces.
You spent 2060 gold pieces at shops.

Inventory:

Hand Weapons
 a - a +7 vorpal executioner's axe (weapon)
 b - a +2 broad axe of flaming
Missiles
 P - 2 throwing nets
 T - 3 curare-tipped darts (quivered)
Armour
 j - the +15 Maxwell's patent armour (worn) {-Cast -Tele rElec Will+ rCorr}
   (You found it in a treasure trove)

   rElec:     It insulates you from electricity.
   -Cast:     It prevents spellcasting.
   -Tele:     It prevents most forms of teleportation.
   rCorr:     It protects you from acid and corrosion.
   Will:      It increases your willpower.
 q - a +0 helmet (worn)
 w - a +0 pair of boots (worn)
 x - the +0 pair of gloves of Vysij (worn) {Str+7 Int+2}
   (You acquired it on level 7 of the Dungeon)

   Str:       It affects your strength (+7).
   Int:       It affects your intelligence (+2).
 I - a +2 plate armour of fire resistance
 Q - the +1 cloak of Okawaru's Esteem (worn) {Fly Str+3 Int-2 Dex+2}
   (Okawaru gifted it to you on level 6 of the Lair of Beasts)

   Str:       It affects your strength (+3).
   Int:       It affects your intelligence (-2).
   Dex:       It affects your dexterity (+2).
   Fly:       It grants you flight.
Jewellery
 d - the ring of Gluttony {rC+ rN+ Dex+6}
   (You found it in a treasure trove)

   [ring of dexterity]

   Dex:       It affects your dexterity (+6).
   rC:        It protects you from cold.
   rN:        It protects you from negative energy.
 h - the ring "Inat" {Fly rPois Will+ Str+6}
   (You found it in a treasure trove)

   [ring of poison resistance]

   Str:       It affects your strength (+6).
   rPois:     It protects you from poison.
   Fly:       It grants you flight.
   Will:      It increases your willpower.
 s - a ring of willpower
 D - an amulet of regeneration (around neck)
 F - a +4 ring of evasion
 O - the ring of Aklus (left hand) {rElec rF+ Dex+6}
   (You bought it in a shop on level 2 of the Orcish Mines)

   [ring of dexterity]

   Dex:       It affects your dexterity (+6).
   rF:        It protects you from fire.
   rElec:     It insulates you from electricity.
 R - a +4 ring of protection (right hand)
 U - a ring of magical power
Wands
 f - a wand of iceblast (21)
 g - a wand of digging (12)
 B - a wand of paralysis (15)
 H - a wand of polymorph (6)
 S - a wand of acid (6)
Scrolls
 c - 4 scrolls of fog
 e - 6 scrolls of fear
 i - 8 scrolls of teleportation
 l - a scroll of immolation
 o - 5 scrolls of magic mapping
 t - 2 scrolls of amnesia
 y - 9 scrolls of blinking
 A - 4 scrolls of enchant armour
 E - 5 scrolls of vulnerability
 J - a scroll of silence
 K - a scroll of holy word
Potions
 m - 9 potions of curing
 r - a potion of cancellation
 u - 4 potions of might
 v - 2 potions of invisibility
 z - 2 potions of berserk rage
 C - 6 potions of heal wounds
 G - 2 potions of mutation
 L - 2 potions of magic
 M - 7 potions of attraction
 N - a potion of ambrosia
 V - a potion of resistance
Miscellaneous
 k - a condenser vane
 n - a tin of tremorstones (2/2)
 p - a lightning rod (4/4)


   Skills:
 - Level 22.0 Fighting
 - Level 19.0 Axes
 + Level 20.2 Armour
 - Level 1.5 Dodging
 - Level 4.1 Stealth
 - Level 10.0 Invocations
 - Level 4.0 Evocations


You had 17 spell levels left.
You didn't know any spells.
Your spell library contained the following spells:

 Spells                   Type           Power      Damage    Failure   Level
 Beastly Appendage        Tmut           0%         N/A       80%         1
 Foxfire                  Conj/Fire      0%         2x1d4     80%         1
 Pain                     Necr           0%         1d4       80%         1
 Corpse Rot               Necr/Air       0%         N/A       90%         2
 Poisonous Vapours        Pois/Air       0%         N/A       90%         2
 Scorch                   Fire           0%         2d5       90%         2
 Wereblood                Tmut           0%         N/A       90%         2
 Confusing Touch          Hex            0%         N/A       99%         3
 Conjure Flame            Conj/Fire      0%         6-21      99%         3
 Dazzling Flash           Conj/Hex       0%         N/A       99%         3
 Inner Flame              Hex/Fire       0%         N/A       99%         3
 Ozocubu's Armour         Ice            0%         N/A       99%         3
 Spider Form              Tmut/Pois      0%         N/A       99%         3
 Vampiric Draining        Necr           0%         2d6       99%         3
 Flame Wave               Conj/Fire      0%         2d4       100%        4
 Hailstorm                Conj/Ice       0%         3d3       100%        4
 Ice Form                 Ice/Tmut       0%         N/A       100%        4
 Iskenderun's Mystic Bla  Conj/Tloc      0%         2d3       100%        4
 Olgreb's Toxic Radiance  Pois           0%         N/A       100%        4
 Agony                    Necr           0%         N/A       100%        5
 Excruciating Wounds      Necr           0%         N/A       100%        5
 Fireball                 Conj/Fire      0%         3d3       100%        5
 Irradiate                Conj/Tmut      0%         3d13      100%        5
 Yara's Violent Unravell  Hex/Tmut       0%         3d3       100%        5
 Conjure Ball Lightning   Conj/Air       0%         3x3d6     100%        6
 Eringya's Noxious Bog    Tmut/Pois      0%         N/A       100%        6
 Starburst                Conj/Fire      0%         6d3       100%        6
 Enfeeble                 Hex            0%         N/A       100%        7
 Ozocubu's Refrigeration  Ice            0%         4d5       100%        7
 Discord                  Hex            0%         N/A       100%        8
 Disjunction              Tloc           0%         N/A       100%        8
 Ignition                 Fire           0%         3d3       100%        8
 Animate Skeleton         Necr           Unusable   N/A       N/A         1
 Simulacrum               Ice/Necr       Unusable   N/A       N/A         6
 Summon Cactus Giant      Summ           Unusable   N/A       N/A         6

Dungeon Overview and Level Annotations

Branches:
Dungeon (15/15)            Temple (1/1) D:5            Lair (6/6) D:8
  Swamp (0/4) Lair:3        Snake (3/4) Lair:4        Slime (0/5) Lair:6
    Orc (2/2) D:9             Elf (0/3) Orc:2        Vaults (0/5) D:13
 Depths (0/4) D:15          IceCv (visited)         Volcano (visited)

Altars:
Ashenzari
Cheibriados
Dithmenos
Elyvilon
Fedhas
Gozag
Hepliaklqana
Kikubaaqudgha
Makhleb
Nemelex Xobeh
Okawaru
Qazlal
Ru
Sif Muna
Trog
Uskayaw
Vehumet
Wu Jian
Xom
Yredelemnul
Zin
The Shining One
Beogh
Jiyva

Shops:
D:9 *   D:10 ?   D:12 *   D:15 (*   Orc:2 =[(((   Snake:1 ::=

Annotations:
Lair:6 1 runed translucent door
Snake:3 Aizul


Message History

You closely miss Aizul.
You feel extremely sick.
Aizul coils herself and waves her upper body at you.
The bolt of poison hits you!
You are more poisoned.
Aizul coils herself and waves her upper body at you.
The bolt of poison hits you!!
You are more poisoned.
You slash Aizul!
Aizul is lightly wounded.
You feel extremely sick. Aizul casts a spell at you.
The bolt of poison hits you!
You are more poisoned.
Unknown command.
You slice Aizul like a ripe choko!!!
Aizul is heavily wounded.
You feel extremely sick. Aizul hits you but does no damage.
Unknown command.
You slice Aizul!!
Aizul is severely wounded.
You feel extremely sick. Aizul hits you but does no damage. Aizul hits you!
* * * LOW HITPOINT WARNING * * *
Unknown command.
You barely miss Aizul.
Aizul is severely wounded.
* * * LOW HITPOINT WARNING * * *
You feel extremely sick.
Aizul coils herself and waves her upper body at you.
You resist with some effort.
Unknown command.
You feel much better.
You feel extremely sick.
Aizul coils herself and waves her upper body at you.
You fall asleep.
You feel extremely sick. Aizul hits you!!!
You die...

#. ...........#..# ..
.........### #.
........###. .#
........# #. #.
##......##[. ####.###
##.###..#..
##......#####.# #..#..
#.............## #..#..
#....S@...#....###..>..
#.............#.....##.
#........###.#####...##.
#.......## ### ##..##.
#.......# #.....
#.......# #.....
#........ ......
#........ ...... ###.
......


You could see Aizul.

Vanquished Creatures
  Vashnia (Snake:2)
  Jorgrun (Orc:1)
  Rupert (Orc:2)
  Kirke (Lair:4)
  2 orc warlords
  The ghost of GrimJard the Severer, a journeyman MiGl of the Shining One (Lair:3)
  A fire dragon (Lair:6)
  3 boulder beetles
  10 hydras
  5 naga warriors
  3 vault guards (D:13)
  Erica (Lair:1)
  An anaconda (Snake:2)
  A catoblepas (Lair:3)
  12 centaur warriors
  3 death yaks
  4 two-headed ogres
  A tengu warrior (D:13)
  5 naga sharpshooters (Snake:2)
  An orc high priest (Orc:2)
  2 shock serpents
  A deep elf knight (D:13)
  10 skeletal warriors
  3 salamander mystics
  A fire crab (Volcano)
  2 deep trolls (D:14)
  2 naga ritualists
  A deep elf archer (D:13)
  6 orc knights
  4 lindwurms
  A necromancer (D:15)
  4 wizards
  2 mana vipers (Snake:2)
  4 deep elf pyromancers
  3 orc sorcerers
  4 cyclopes
  12 ugly things
  4 manticores
  6 salamanders
  5 molten gargoyles
  24 elephants
  2 ice statues (IceCv)
  24 black mambas
  9 naga magi
  7 cane toads
  2 unseen horrors (D:12)
  Psyche (D:8)
  12 komodo dragons
  2 kobold demonologists (D:13)
  3 tengu conjurers
  An efreet (D:14)
  A rime drake (Lair:4)
  A polar bear (shapeshifter) (D:13)
  A hornet (D:8)
  7 trolls
  6 slime creatures
  A polar bear (Lair:5)
  16 blink frogs
  A queen bee (shapeshifter) (D:15)
  2 tyrant leeches (Lair:3)
  A centaur simulacrum (D:15)
  44 yaks
  6 fire bats (Volcano)
  A vampire (D:11)
  2 hogs (Lair:4)
  A human (Lair:4)
  10 wyverns
  9 basilisks
  A wraith (D:12)
  A human (shapeshifter) (D:15)
  6 steam dragons
  Menkaure (D:4)
  2 swamp worms (Lair:3)
  27 nagas
  4 wargs
  An acid dragon (D:11)
  14 vampire mosquitoes
  10 water moccasins
  3 hell hounds (Lair:6)
  An ice beast (D:6)
  39 orc warriors
  4 boggarts (Lair:6)
  A necrophage (D:4)
  An ogre (shapeshifter) (D:15)
  20 centaurs
  11 wolves
  5 ogres
  3 phantoms
  2 kobold brigands
  8 bullfrogs
  2 gnoll sergeants
  A water moccasin zombie (D:5)
  6 killer bees (D:11)
  2 elephant simulacra (IceCv)
  14 wights
  An electric eel (D:15)
  4 centaur zombies
  12 lava snakes
  3 hounds
  15 orc priests
  6 centaur skeletons
  A gnoll shaman (D:10)
  Jessica (D:3)
  An iguana (D:6)
  24 orc wizards
  14 hell rats
  A killer bee zombie (D:7)
  A wolf simulacrum (IceCv)
  13 gnolls
  A howler monkey skeleton (D:4)
  9 adders
  2 river rats
  3 shadow imps
  3 white imps
  2 worms (D:3)
  2 dart slugs
  110 orcs
  6 bats
  6 endoplasms
  4 giant cockroaches
  10 goblins
  6 hobgoblins
  9 kobolds
  8 quokkas
  3 training dummies (Orc:2)
  9 ball pythons
  2 frilled lizards
  6 rats
820 creatures vanquished.

Vanquished Creatures (others)
  An orc (Orc:2)
  15 fungi
  17 plants
33 creatures vanquished.

Grand Total: 853 creatures vanquished

Notes
Turn   | Place    | Note
-------+----------+-------------------------------------------
     0 | D:5      | sanka the Hill Orc Delver began the quest for the Orb.
     0 | D:5      | Reached XP level 1. HP: 19/19 MP: 1/1
    46 | D:5      | Noticed a hound
    61 | D:5      | Killed a hound
    62 | D:5      | Reached skill level 4 in Fighting
    62 | D:5      | Reached XP level 2. HP: 3/27 MP: 2/2
    62 | D:5      | Reached XP level 3. HP: 4/33 MP: 3/3
   357 | D:5      | Found a staircase to the Ecumenical Temple.
   364 | Temple   | Entered the Ecumenical Temple
   551 | Temple   | Became a worshipper of Warmaster Okawaru
   612 | D:4      | Reached skill level 5 in Axes
   612 | D:4      | Reached XP level 4. HP: 32/40 MP: 4/4
   657 | D:4      | Noticed a necrophage
   711 | D:4      | Killed a necrophage
   712 | D:4      | Reached XP level 5. HP: 19/46 MP: 5/5
   750 | D:4      | Noticed a phantom
   941 | D:3      | You fall into a shaft and drop 3 floors!
  1123 | D:6      | Noticed a centaur
  1145 | D:6      | Killed a centaur
  1145 | D:6      | Reached * piety under Okawaru
  1146 | D:6      | Reached XP level 6. HP: 17/52 MP: 6/6
  1205 | D:6      | Noticed an ice beast
  1740 | D:1      | Reached skill level 1 in Invocations
  3424 | D:3      | Noticed Jessica
  3438 | D:3      | Killed Jessica
  3439 | D:3      | Reached XP level 7. HP: 56/59 MP: 5/9
  3654 | D:3      | Found a faded altar of an unknown god.
  4217 | D:4      | Reached skill level 1 in Armour
  4289 | D:4      | Noticed Menkaure
  4301 | D:4      | Killed Menkaure
  4369 | D:4      | Reached skill level 5 in Fighting
  4652 | D:5      | Reached ** piety under Okawaru
  4653 | D:5      | Reached skill level 1 in Evocations
  4653 | D:5      | Reached XP level 8. HP: 62/69 MP: 8/11
  4881 | D:5      | Noticed a two-headed ogre
  4904 | D:5      | Killed a two-headed ogre
  4905 | D:5      | Reached skill level 8 in Fighting
  5348 | D:6      | Reached *** piety under Okawaru
  5349 | D:6      | Reached skill level 9 in Fighting
  5349 | D:6      | Reached XP level 9. HP: 36/83 MP: 10/12
  5771 | D:6      | Found a radiant altar of Vehumet.
  6182 | D:7      | Reached skill level 10 in Fighting
  6564 | D:7      | Identified a scroll of acquirement
  6565 | D:7      | Acquired the +0 pair of gloves of Vysij {Str+7 Int+2}
  6669 | D:7      | Reached skill level 11 in Fighting
  7089 | D:7      | Acquired a +4 vorpal broad axe
  7134 | D:8      | Noticed Psyche
  7134 | D:8      | Noticed a troll
  7181 | D:7      | Reached skill level 10 in Axes
  7504 | D:8      | Reached XP level 10. HP: 95/95 MP: 10/13
  7564 | D:8      | Noticed a death yak
  7588 | D:8      | Killed a death yak
  7588 | D:8      | Reached **** piety under Okawaru
  7779 | D:8      | Paralysed by a hornet for 2 turns
  8114 | D:8      | Found an opulent altar of Gozag.
  8159 | D:8      | Found an opulent altar of Gozag.
  8159 | D:8      | Found an opulent altar of Gozag.
  8174 | D:8      | Found an opulent altar of Gozag.
  8497 | D:8      | Got the Compendium of Poisonous Transmigration
  8592 | D:8      | Killed Psyche
  8740 | D:8      | Found a staircase to the Lair.
  8740 | D:8      | Noticed a death yak
  8757 | D:8      | Noticed a death yak
  8771 | D:7      | Killed a death yak
  8771 | D:7      | Reached ***** piety under Okawaru
  8772 | D:7      | Reached skill level 12 in Fighting
  8772 | D:7      | Reached skill level 5 in Armour
  8779 | D:8      | Killed a death yak
  9027 | D:9      | Noticed a two-headed ogre
  9033 | D:9      | Killed a two-headed ogre
  9034 | D:9      | Reached XP level 11. HP: 106/106 MP: 11/14
  9136 | D:9      | Found a staircase to the Orcish Mines.
  9211 | D:9      | Reached skill level 13 in Fighting
  9261 | D:9      | Found a roughly hewn altar of Beogh.
  9504 | D:9      | Found Plog's General Store.
  9764 | D:9      | Found a broken altar of Ashenzari.
  9770 | D:9      | Found a hazy altar of Hepliaklqana.
  9782 | D:9      | Found a glowing golden altar of the Shining One.
  9860 | D:10     | Entered Level 10 of the Dungeon
  9860 | D:10     | Noticed a two-headed ogre
  9872 | D:10     | Killed a two-headed ogre
  9872 | D:10     | Identified the +2 scale mail of Watchfulness {Slay+3}
                  | (Okawaru gifted it to you on level 10 of the Dungeon)
  9872 | D:10     | Received a gift from Okawaru
 10080 | D:10     | Found a shadowy altar of Dithmenos.
 10188 | D:10     | Found Tatuov's Magic Scroll Shoppe.
 10382 | D:10     | Reached skill level 14 in Fighting
 11126 | D:11     | Noticed a vampire mage
 11161 | D:11     | Noticed a flayed ghost
 11161 | D:11     | Noticed a phantasmal warrior
 11370 | D:11     | Noticed a boulder beetle
 11413 | D:11     | Killed a boulder beetle
 11541 | D:11     | Reached skill level 10 in Armour
 11570 | D:11     | Reached XP level 12. HP: 117/118 MP: 15/15
 11854 | D:11     | Reached skill level 15 in Fighting
 12104 | Lair:1   | Entered Level 1 of the Lair of Beasts
 12104 | Lair:1   | Noticed a five-headed hydra
 12118 | Lair:1   | Killed a one-headed hydra
 12642 | Lair:1   | Received a gift from Okawaru
 12722 | Lair:1   | Noticed Erica
 12740 | Lair:1   | Killed Erica
 13333 | D:9      | Bought a scroll of enchant weapon for 97 gold pieces
 13742 | Lair:2   | Noticed an eight-headed hydra
 13753 | Lair:2   | Killed a three-headed hydra
 13852 | Lair:2   | Received a gift from Okawaru
 14131 | Lair:2   | Reached skill level 15 in Axes
 14542 | Lair:3   | Reached XP level 13. HP: 127/127 MP: 14/16
 14565 | Lair:3   | Found a dark tunnel.
 14577 | Volcano  | Entered a volcano
 14691 | Volcano  | Identified the +2 pair of gloves "Nyschiap" {rC- Dex+5}
                  | (Okawaru gifted it to you in a volcano)
 14691 | Volcano  | Received a gift from Okawaru
 14970 | Volcano  | Found a burning altar of Makhleb.
 15534 | Lair:3   | Found a runed translucent door.
 15534 | Lair:3   | Noticed GrimJard's ghost (journeyman MiGl)
 15843 | Lair:3   | Found a staircase to the Swamp.
 15903 | Lair:3   | Reached skill level 5 in Invocations
 16403 | Lair:3   | Killed GrimJard's ghost
 16513 | Lair:4   | Noticed Kirke
 16523 | Lair:4   | Killed Kirke
 16642 | Lair:4   | Found a staircase to the Snake Pit.
 17236 | Lair:4   | Reached ****** piety under Okawaru
 17237 | Lair:4   | Reached skill level 10 in Invocations
 17455 | Lair:4   | Reached XP level 14. HP: 133/136 MP: 21/21
 17841 | Lair:5   | Reached skill level 16 in Fighting
 18120 | Lair:5   | Received a gift from Okawaru
 18120 | Lair:5   | Found the +7 Kryia's mail coat {PotionHeal*2 rC+}
 18778 | Lair:6   | Entered Level 6 of the Lair of Beasts
 18813 | Lair:6   | Found a runed translucent door.
 18813 | Lair:6   | Found a viscous altar of Jiyva.
 18816 | Lair:6   | Found a staircase to the Slime Pits.
 19300 | Lair:6   | Reached skill level 17 in Fighting
 19452 | Lair:6   | Noticed an acid blob
 20385 | Lair:6   | Found a large runed translucent door.
 20385 | Lair:6   | Found a large runed translucent door.
 20398 | Lair:6   | Identified the +1 cloak of Okawaru's Esteem {Fly Str+3
                  | Int-2 Dex+2} (Okawaru gifted it to you on level 6 of the
                  | Lair of Beasts)
 20398 | Lair:6   | Received a gift from Okawaru
 20956 | Orc:1    | Entered Level 1 of the Orcish Mines
 20956 | Orc:1    | Noticed an orc warlord
 20978 | Orc:1    | Killed an orc warlord
 21173 | Orc:2    | Entered Level 2 of the Orcish Mines
 21364 | Orc:2    | Found a roughly hewn altar of Beogh.
 21403 | Orc:2    | Found a roughly hewn altar of Beogh.
 21459 | Orc:2    | Found a staircase to the Elven Halls.
 21705 | Orc:2    | Found Jaidiah's Firing Range.
 21758 | Orc:2    | Noticed Rupert
 21771 | Orc:2    | Killed Rupert
 21772 | Orc:2    | Reached skill level 18 in Fighting
 21772 | Orc:2    | Reached XP level 15. HP: 25/125 MP: 20/22
 22161 | Orc:2    | Noticed an orc warlord
 22451 | Orc:2    | Killed an orc warlord
 22485 | Orc:2    | Found Tyefunk's Antique Weapon Shop.
 22486 | Orc:2    | Found a roughly hewn altar of Beogh.
 22489 | Orc:2    | Found Voebrygg's Antique Armour Boutique.
 22601 | Orc:2    | Found a roughly hewn altar of Beogh.
 22606 | Orc:2    | Found Zeyzi Ysue's Antique Weapon Emporium.
 22687 | Orc:2    | Found a roughly hewn altar of Beogh.
 22688 | Orc:2    | Found Iciypn's Jewellery Emporium.
 22898 | Orc:1    | Noticed Jorgrun
 22907 | Orc:1    | Killed Jorgrun
 23227 | Orc:2    | Bought the ring of Aklus {rElec rF+ Dex+6} for 1351 gold
                  | pieces
 23227 | Orc:2    | Bought a +4 ring of protection for 612 gold pieces
 23506 | D:12     | Received a gift from Okawaru
 23897 | D:12     | Found Cuil's Assorted Antiques.
 24027 | D:13     | Found a frozen archway.
 24048 | IceCv    | Entered an ice cave
 24065 | IceCv    | Found a transporter.
 24083 | IceCv    | Found a transporter.
 24105 | IceCv    | Reached skill level 15 in Armour
 24182 | D:13     | Reached skill level 19 in Fighting
 24267 | D:13     | Found a transporter.
 24282 | D:13     | Found a transporter.
 24455 | D:13     | Found a transporter.
 24459 | D:13     | Found a transporter.
 24460 | D:13     | Found a transporter.
 24465 | D:13     | Found a transporter.
 24537 | D:13     | Received a gift from Okawaru
 24731 | D:13     | Found a gate to the Vaults.
 24742 | D:13     | Received a gift from Okawaru
 25641 | D:14     | Reached skill level 20 in Fighting
 25644 | D:14     | Reached XP level 16. HP: 104/162 MP: 21/23
 26637 | D:14     | Received a gift from Okawaru
 26887 | D:14     | Reached skill level 21 in Fighting
 26887 | D:14     | Reached XP level 17. HP: 173/173 MP: 24/24
 26888 | D:14     | Reached XP level 18. HP: 182/182 MP: 25/25
 27189 | D:15     | Entered Level 15 of the Dungeon
 27221 | D:15     | Found Curoruh's Antique Weapon Shop.
 27364 | D:15     | Found Rufobb Faqy's Mayhem Merchandise.
 27615 | D:15     | Found a portal to a secret trove of treasure.
 28081 | D:15     | You paid a toll of 3 potions of resistance to enter a
                  | treasure trove
 28082 | Trove    | Entered a treasure trove
 28087 | Trove    | Found the +15 Maxwell's patent armour {-Cast -Tele rElec
                  | Will+ rCorr}
 28093 | Trove    | Identified the ring of Gluttony {rC+ rN+ Dex+6}
 28095 | Trove    | Identified the ring "Inat" {Fly rPois Will+ Str+6}
 28330 | D:15     | Found a staircase to the Depths.
 28337 | D:15     | Identified the +4 robe of Distant Worlds {rN+} (Okawaru
                  | gifted it to you on level 15 of the Dungeon)
 28337 | D:15     | Received a gift from Okawaru
 28534 | Snake:1  | Entered Level 1 of the Snake Pit
 28677 | Snake:1  | You are sucked into a shaft and drop 1 floor!
 28752 | Snake:1  | Reached skill level 22 in Fighting
 28778 | Snake:1  | Found Oxzunoxt's Jewellery Shoppe.
 28778 | Snake:1  | Found Duicogoe's Book Boutique.
 28779 | Snake:1  | Found Onunged's Book Boutique.
 29401 | Snake:2  | Noticed Vashnia
 29524 | Snake:2  | Killed Vashnia
 30410 | Snake:2  | Found an iron altar of Okawaru.
 31650 | Snake:3  | Noticed Aizul
 31664 | Snake:3  | Slain by Aizul

Illustrated notes

Levels and vault maps discovered:
D:1:      sevenhm_arrival_forest_fort_small_4, layout_loops_ring,
          minmay_misc_feat_iff
D:2:      layout_basic
D:3:      layout_rooms, gup_sewer_entry_spiral,
          hellmonk_ecumenical_altar_prayer_group, minivault_4,
          kennysheep_generic_room_9, uniq_jessica
D:4:      layout_rooms, chequers_ossuary_entry_cave, uniq_menkaure
D:5:      layout_gridville, temple_green, minmay_misc_feat_diagonals
D:6:      layout_rooms, nicolae_vehumet_altar_sigil
D:7:      layout_basic
D:8:      layout_rooms, nicolae_gozag_conspicuous_consumption,
          dpeg_lair_monsters, uniq_psyche
D:9:      layout_roguey [special_room_orc], minmay_overflow_temple_star_quad,
          orc_0_dummy, serial_shops, nicolae_shop_temple_entry_statues_fountains
D:10:     layout_irregular_city, nicolae_dithmenos_the_darkroom, serial_shops,
          nicolae_shop_crystal
D:11:     layout_gridville, minmay_librarian
D:12:     layout_rooms, serial_shops, nicolae_shop_window_shopping
D:13:     layout_rooms, grunt_vaults_entry_fortified,
          portal_ice_cave_entry_pillars_2, serial_nicolae_subway,
          nicolae_sub_station_crystal, nicolae_sub_station_stone,
          nicolae_sub_station_metal
D:14:     layout_roguey, minmay_misc_feat_nine_boxes,
          minmay_hollow_rounded_squares
D:15:     grunt_enter_depths_magical_seal, layout_cave_pools, serial_shops,
          nicolae_shop_crystal, nicolae_trove_entry_diagonal,
          serial_bayou_lagoon_a, minmay_shop_mayhem
Temple:   eino_temple_scatter_basement
Lair:1:   layout_roguey, st_stairs_11, uniq_erica
Lair:2:   layout_long_grid, beast_lair_carwin_2
Lair:3:   layout_regular_city, minmay_swamp_entry_worms,
          ebering_ghost_inner_flame, nicolae_volcano_entry_hallway,
          chequers_serial_rivers_large_a, grunt_megastairs_5
Lair:4:   layout_cave_pods, guppyfry_snake_entry_island, uniq_kirke
Lair:5:   layout_concentric_octagons, infiniplex_staircase_pool_2
Lair:6:   cheibrodos_lair_end_hotspot, layout_gridlike, slime_altar_2,
          kilobyte_rumbling_trees
Snake:1:  layout_concentric_octagons, minmay_shop_grove, grunt_megastairs_3
Snake:2:  layout_layer_cave, basic_altar, uniq_vashnia
Snake:3:  layout_chambers, nicolae_fountain_basement, uniq_aizul
Orc:1:    layout_diamond_mine, uniq_jorgrun
Orc:2:    grunt_orc_community_town_hall, layout_caves,
          grunt_orc_community_big_house_1, grunt_orc_community_big_house_1,
          grunt_orc_community_house_3, grunt_orc_community_house_2,
          grunt_orc_community_house_1, grunt_orc_community_house_2,
          grunt_orc_community_house_3, nicolae_orc_sculptors_studio,
          nicolae_shop_firing_range, uniq_rupert

Skill      XL: |  1  2  3  4  5  6  7  8  9 10 11 12 13 14 15 16 17 18 |
---------------+-------------------------------------------------------+-----
Fighting       | 4 5 9 11 12 14 15 18 20 21 22 | 22.0
Axes           | 4 5 6 8 9 11 13 16 19 | 19.0
Invocations    | 2 4 10 | 10.0
Armour         | 2 6 10 11 13 16 17 20 | 20.2
Evocations     | 1 4 |  4.0
Dodging        | |  1.5
Stealth        | |  4.1

Action                   |  1- 3 |  4- 6 |  7- 9 | 10-12 | 13-15 | 16-18 || total
-------------------------+-------+-------+-------+-------+-------+-------++-------
Melee: Hand axe          |    22 |   258 |   307 |    15 |    52 |       ||   654
       Punch             |     1 |       |     8 |    16 |     5 |     6 ||    36
       Broad axe         |       |       |    16 |   262 |    47 |    68 ||   393
       Executioner's axe |       |       |       |    83 |   777 |   329 ||  1189
Throw: Dart              |       |       |       |     2 |       |       ||     2
Invok: Heroism           |       |     1 |    13 |    18 |    27 |     5 ||    64
Evoke: Wand              |       |       |     1 |       |       |     1 ||     2
  Use: Potion            |     1 |       |       |       |     1 |     3 ||     5
       Scroll            |       |     1 |    11 |     7 |     6 |    11 ||    36
 Stab: Sleeping          |       |    10 |     2 |     1 |       |       ||    13
       Paralysed         |       |       |     3 |       |       |       ||     3
       Distracted        |       |       |     2 |       |       |       ||     2
Armor: Leather armour    |     9 |    92 |    85 |     4 |       |       ||   190
       Plate armour      |       |       |       |   213 |   395 |   296 ||   904
       Scale mail        |       |       |       |    20 |   218 |       ||   238
Dodge: Dodged            |    22 |   145 |   147 |   164 |   436 |   225 ||  1139
